 Dungeon Crawl Stone Soup version 0.29.1-1-gd02db6906a (webtiles) character file.

Game seed: 15164674916221663913

82 Earthwalker the Covered (level 4, 0/40 HPs)
             Began as a Minotaur Fighter on Oct 13, 2022.
             Slain by an orc priest
             ... wielding a +0 flail
              (4 damage)
             ... on level 3 of the Dungeon.
             The game lasted 00:03:36 (1630 turns).

Earthwalker the Covered (Minotaur Fighter)          Turns: 1630, Time: 00:03:36

Health: 0/40       AC: 10    Str: 22    XL:     4   Next: 21%
Magic:  3/3        EV:  9    Int:  5    God:
Gold:   98         SH:  4    Dex: 10    Spells: 3/3 levels left

rFire   . . .      SeeInvis .   a - +0 war axe
rCold   . . .      Faith    .   c - +0 buckler
rNeg    + . .      Spirit   .   b - +0 scale mail
rPois   .          Reflect  .   (helmet restricted)
rElec   .          Harm     .   (no cloak)
rCorr   .          Rampage  .   s - +2 pair of gloves
Will    .....                   (no boots)
Stlth   ..........              (no amulet)
HPRegen 0.13/turn               l - ring of positive energy
MPRegen 0.08/turn               (no ring)

@: no status effects
A: horns 2, retaliatory headbutt
a: no special abilities


You were on level 3 of the Dungeon.
You visited 1 branch of the dungeon, and saw 4 of its levels.

You collected 98 gold pieces.

Inventory:

Hand Weapons
 a - a +0 war axe (weapon)
Missiles
 f - 27 stones (quivered)
 g - 7 javelins
 m - 3 atropa-tipped darts
 p - 5 poisoned darts
Armour
 b - a +0 scale mail (worn)
 c - a +0 buckler (worn)
 s - a +2 pair of gloves (worn)
Jewellery
 l - a ring of positive energy (left hand)
Scrolls
 e - 2 scrolls of torment {unknown}
 h - a scroll of teleportation {unknown}
 k - a scroll of magic mapping {unknown}
 n - a scroll of immolation {unknown}
 o - a scroll of poison {unknown}
 r - a scroll of identify {unknown}
 u - a scroll of silence {unknown}
Potions
 d - a potion of might
 i - a potion of curing {unknown}
 j - 2 potions of magic {unknown}
 q - a potion of degeneration {unknown}
 t - a potion of brilliance {unknown}


   Skills:
 * Level 4.1 Fighting
 * Level 3.6 Axes
 * Level 4.3 Armour
 * Level 1.0 Dodging
 * Level 4.1 Shields


You had 3 spell levels left.
You didn't know any spells.
Your spell library contained the following spells:

 Spells                   Type           Power      Damage    Failure   Level
 Ensorcelled Hibernation  Hex/Ice        0%         N/A       95%         2
 Passwall                 Tmut/Erth      0%         N/A       95%         2
 Spider Form              Tmut/Pois      0%         N/A       99%         3
 Swiftness                Air            0%         N/A       99%         3
 Anguish                  Hex/Necr       0%         N/A       100%        4


Dungeon Overview and Level Annotations

Branches:
Dungeon (4/15)
 Temple: D:4-7

Altars:

Shops:
D:1 :

Annotations:
D:4 Dowan, Duvessa


Innate Abilities, Weirdness & Mutations

You have a pair of horns on your head.
You reflexively headbutt those who attack you in melee.


Message History

You closely miss the orc. The orc hits you with a +0 club.
You slash the orc!
You kill the orc!
The orc priest calls down the wrath of Beogh upon you.
Beogh smites you!
You are too injured to fight recklessly!
You are too injured to fight recklessly!
Unknown command.
You are too injured to fight recklessly!
You are too injured to fight recklessly!
You hit the orc.
The orc is moderately wounded.
You block the orc's attack.
You hit the orc.
The orc is heavily wounded.
A hobgoblin comes into view.
The orc misses you. The orc hits you but does no damage.
You closely miss the orc. You headbutt the orc, but do no damage.
The orc is heavily wounded.
The orc hits you with a +0 club.
You slash the orc!
You kill the orc!
The orc hits you but does no damage.
You hit the orc. You headbutt the orc.
You kill the orc!
You closely miss the hobgoblin. Your headbutt misses the hobgoblin.
You block the hobgoblin's attack.
You hit the hobgoblin.
You kill the hobgoblin!
The orc priest invokes the aid of Beogh against you.
Beogh smites you!
* * * LOW HITPOINT WARNING * * *
The orc priest calls down the wrath of Beogh upon you.
Pain shoots through your body!
* * * LOW HITPOINT WARNING * * *
The orc priest barely misses you.
Items here: ))) [ ††.
You hit the orc priest but do no damage.
The orc priest hits you with a +0 flail.
You die...

+..# ##.## ##..## #
##...# .# .....###
####..# .......####
......# ....##....##+#
......#
....#####..#.####.......
##..............@o...#
#########.....#######
.......#...#
.[......##..#
#.........+ ..+
#.......... ⌠#
#........... ..
#.........._. ..


You could see an orc priest.

Vanquished Creatures
  2 adders (D:2)
  3 dart slugs
  3 orcs (D:3)
  4 ball pythons
  4 bats
  6 endoplasms
  A giant cockroach (D:1)
  7 hobgoblins
  4 jackals (D:1)
  4 kobolds
  3 quokkas
  5 frilled lizards
  2 goblins
  3 rats
51 creatures vanquished.

Notes
Turn   | Place    | Note
-------+----------+-------------------------------------------
     0 | D:1      | Earthwalker the Minotaur Fighter began the quest for the
                  | Orb.
     0 | D:1      | Reached XP level 1. HP: 19/19 MP: 0/0
    46 | D:1      | Reached XP level 2. HP: 18/27 MP: 1/1
   528 | D:1      | Reached XP level 3. HP: 31/33 MP: 2/2
   646 | D:1      | Found Ehuclu's Vocational Training.
  1095 | D:2      | Reached skill level 1 in Dodging
  1391 | D:2      | Reached XP level 4. HP: 35/40 MP: 3/3
  1430 | D:2      | You fall into a shaft and drop 2 floors!
  1584 | D:4      | Noticed Duvessa
  1586 | D:4      | Noticed Dowan
  1613 | D:3      | Found a faded altar of an unknown god.
  1630 | D:3      | Slain by an orc priest

Illustrated notes

Levels and vault maps discovered:
D:1:      dpeg_arrival_more_subterranean_lakeside_camping, layout_basic,
          skrybe_limestone_x, hangedman_feature_mirror, nicolae_shop_vocational
D:2:      layout_basic, minmay_misc_feat_columns
D:3:      layout_basic, serial_shops, nicolae_shop_crystal,
          hellmonk_ecumenical_altar_run_dry
D:4:      minmay_inner_zag, layout_layer_cave, chequers_big_river,
          dk_vineyard_1, uniq_duvessa

Skill      XL: |  1  2  3 |
---------------+----------+-----
Armour         | 4 |  4.3
Fighting       | 4 |  4.1
Shields        | 4 |  4.1
Axes           | 3 |  3.6
Dodging        | 1 |  1.0

Action                   |  1- 3 |  4- 6 || total
-------------------------+-------+-------++-------
Melee: War axe           |    81 |    16 ||    97
       Headbutt          |     9 |     2 ||    11
Armor: Scale mail        |    48 |     3 ||    51
Dodge: Dodged            |    36 |     6 ||    42
Block: Buckler           |    16 |     2 ||    18
